 Dungeon Crawl Stone Soup version 0.17.0-1-g61d176b (console) character file.

3390 gw the Fighter (level 10, 6/65 HPs)
             Began as a Vine Stalker Chaos Knight on Nov 7, 2015.
             Starved to death
             ... while paralysed
             ... on level 8 of the Dungeon.
             The game lasted 00:12:08 (7920 turns).

gw the Fighter (Vine Stalker Chaos Knight)          Turns: 7920, Time: 00:12:08

Health: 6/65       AC: 12    Str: 14    XL:     10   Next: 4%
Magic:  1/11       EV:  2    Int: 12    God:    Xom [..*...]
Gold:   359        SH:  0    Dex: 25    Spells: 0 memorised, 9 levels left

rFire  . . .     SeeInvis .     a - +0 short sword (chaos)
rCold  . . .     Clarity  +     f - +4 ring mail
rNeg   . . .     SustAt   .     (no shield)
rPois  .         Gourm    .     (helmet restricted)
rElec  +         Spirit   +     (no cloak)
rCorr  .         Warding  .     (no gloves)
rMut   .         Stasis   .     (no boots)
MR     +....                    (no amulet)
Stlth  ++........               (no ring)
                                (no ring)

@: paralysed, agile, very slightly contaminated, fainting, somewhat resistant to
hostile enchantments, unstealthy
A: fangs 3, hooves 1, horns 1, rugged brown scales 1, yellow scales 1, agile 1,
blurry vision 1, clarity, regeneration 2, robust 1, electricity resistance, spit
poison 1, magic shield, antimagic bite, no device heal 3, rot immunity
a: Spit Poison, Renounce Religion


You were on level 8 of the Dungeon.
You worshipped Xom.
You were a toy of Xom.
You were fainting.

You visited 1 branch of the dungeon, and saw 8 of its levels.

You collected 359 gold pieces.

Inventory:

Hand Weapons
 a - a +0 short sword of chaos (weapon)
Missiles
 b - 65 bolts
 e - 19 bolts of flame
Armour
 f - a +4 ring mail (worn)
Comestibles
 c - 3 bread rations


   Skills:
 + Level 9.5 Fighting
 - Level 2.6 Short Blades
 - Level 1.5 Armour
 + Level 8.2 Dodging


You had 9 spell levels left.
You didn't know any spells.

Dungeon Overview and Level Annotations

Branches:
Dungeon (8/15)             Temple (0/1) D:7
   Lair: D:8-11

Altars:
Cheibriados
Elyvilon
Gozag
Nemelex Xobeh
Okawaru
Trog
Xom
Yredelemnul
Zin
The Shining One

Annotations:
D:5 exclusion: downstairs
D:7 exclusion: downstairs


Innate Abilities, Weirdness & Mutations

You have razor-sharp teeth.
You heal very quickly.
When hurt, damage is shared between your health and your magic reserves.
Your bite disrupts and absorbs the magic of your enemies.
Potions and wands cannot restore your health.
You are immune to rotting.
You have large cloven feet.
You have a pair of small horns on your head.
You are partially covered in rugged brown scales (AC +1, +3% HP).
You are partially covered in yellow scales (AC +2).
You are agile. (Dex +2)
Scrolls take you a little longer to read.
You possess an exceptional clarity of mind.
You are robust (+10% HP).
You are resistant to electric shocks.
You can spit weak poison.


Message History

The wyvern completely misses you.
Unknown command.
Unknown command.
Unknown command.
Unknown command.
ATTACK MOVE TO (-1,0)
You closely miss the wyvern. You kick the wyvern, but do no damage.
The wyvern is lightly wounded.
You lose consciousness!
The wyvern bites you.
The ogre hits the orc with a giant spiked club!!
The orc dies!
The wyvern bites you! The wyvern bites you! x2
The wyvern bites you but does no damage.
The wyvern bites you!
The ogre misses the orc wizard.
The ogre shouts!
You have starved to death.
You die...
Xom giggles madly!

................#
#.#######.........
#..
##.........##..
##, ........#.##
## ##
**,..........# ...
,,....!.....o.#
... J.........#.##
.. Z
.....O..#Oo###.#
........#ohlf..#
*.. ,#.
#.....{#####{
.#..#.##......##
...............# #
.....#........##.#
..## #...........#
S ...##....#....#
#oo.##........##
#...##....#.....


You could see a wyvern (berserk), an ogre (confused), an orc wizard, 2 orcs and
a jackal.

Table legend:
 A = Turns spent in this place as a percentage of turns spent in the entire game.
 B = Non-inter-level travel turns spent in this place as a percentage of non-inter-level travel turns spent in the entire game.
 C = Inter-level travel turns spent in this place as a percentage of turns spent in this place.
 D = Turns resting spent in this place as a percentage of non-inter-level travel turns spent in this place.
 E = Turns spent auto-exploring this place as a percentage of non-inter-level travel turns spent in this place.
 F = Non-inter-level travel turns spent in this place divided by the number of levels of this place that you've seen.
                   A       B       C       D       E      F
               +-------+-------+-------+-------+-------+----------------------
         Total | 100.0 | 100.0 |   0.5 |   0.9 |   1.8 | 2071.6
       Dungeon | 100.0 | 100.0 |   0.5 |   0.9 |   1.8 | 2071.6
               +-------+-------+-------+-------+-------+----------------------

Table legend:
 A = Kills in this place as a percentage of kills in entire the game.
 B = Kills by you in this place as a percentage of kills by you in the entire game.
 C = Kills by friends in this place as a percentage of kills by friends in the entire game.
 D = Other kills in this place as a percentage of other kills in the entire game.
 E = Experience gained in this place as a percentage of experience gained in the entire game.
 F = Experience gained in this place divided by the number of levels of this place that you have seen.
                   A       B       C       D       E      F
               +-------+-------+-------+-------+-------+----------------------
         Total | 100.0 | 100.0 | 100.0 | 100.0 | 100.0 | 605.4
       Dungeon | 100.0 | 100.0 | 100.0 | 100.0 | 100.0 | 605.4
               +-------+-------+-------+-------+-------+----------------------

Vanquished Creatures
  Pikel (D:7)
  Prince Ribbit (D:7)
  An orc warrior (D:6)
  A hungry ghost (D:8)
  Menkaure (D:5)
  2 slaves (D:7)
  A sky beast (D:5)
  An ice beast (D:6)
  2 ogres (D:5)
  2 centaurs
  3 giant frogs
  4 wights
  5 crimson imps (D:6)
  2 giant frog zombies
  2 jellies
  A jelly (shapeshifter) (D:2)
  4 worker ants
  2 centaur skeletons
  3 orc priests
  A giant frog skeleton (D:4)
  3 iguanas
  5 orc wizards
  10 adders
  4 gnolls (D:4)
  3 shadow imps
  An adder skeleton (D:6)
  4 worms
  3 giant geckos
  20 orcs
  3 ball pythons
  9 bats
  11 giant cockroaches
  7 hobgoblins
  4 jackals
  5 quokkas
  A giant gecko zombie (D:6)
  10 giant newts
  14 goblins
  6 kobolds
  8 rats
171 creatures vanquished.

Vanquished Creatures (collateral kills)
  Joseph (D:7)
  A phantom (D:7)
  A scorpion (D:4)
  An orc priest (D:6)
  3 orc wizards (D:6)
  Robin (D:4)
  A giant gecko (D:6)
  5 orcs (D:6)
  3 goblins (D:4)
  2 hobgoblins (D:4)
19 creatures vanquished.

Vanquished Creatures (others)
  A slave (D:8)
  A wyvern zombie (D:4)
  A gnoll (D:8)
  An orc (D:8)
4 creatures vanquished.

Grand Total: 194 creatures vanquished

Notes
Turn   | Place    | Note
--------------------------------------------------------------
     0 | D:1      | gw the Vine Stalker Chaos Knight began the quest for the Orb.
     0 | D:1      | Reached XP level 1. HP: 11/11 MP: 2/2
    78 | D:1      | Reached skill level 1 in Dodging
   135 | D:1      | Reached XP level 2. HP: 14/16 MP: 3/3
   418 | D:1      | Reached skill level 3 in Fighting
   503 | D:1      | XOM: harmless Summ miscast
   653 | D:1      | XOM: god gift: chain mail {god gift}
   775 | D:2      | Reached XP level 3. HP: 20/20 MP: 4/4
   883 | D:2      | XOM: divination: magic mapping
  1200 | D:2      | Found an iron altar of Okawaru.
  1256 | D:2      | XOM: give mutation
  1256 | D:2      | Gained mutation: You are somewhat resistant to further mutation. [Xom's grace]
  1311 | D:2      | Reached XP level 4. HP: 25/25 MP: 5/5
  1425 | D:2      | XOM: polymorph bat -> ball python
  1503 | D:2      | XOM: 2-stop teleportation journey
  1579 | D:3      | XOM: 5-stop teleportation journey
  1685 | D:3      | Reached skill level 4 in Fighting
  1730 | D:3      | XOM is BORED!
  1730 | D:3      | XOM: give mutations
  1730 | D:3      | Gained mutation: You are partially covered in rugged brown scales (AC +1, +3% HP). [Xom's mischief]
  1730 | D:3      | Gained mutation: You are clumsy. (Dex -2) [Xom's mischief]
  1730 | D:3      | Gained mutation: Scrolls take you a little longer to read. [Xom's mischief]
  1730 | D:3      | Lost mutation: You are somewhat resistant to further mutation. [Xom's mischief]
  1819 | D:3      | Found a faded altar to an unknown god.
  2413 | D:4      | Reached XP level 5. HP: 27/29 MP: 6/6
  2509 | D:4      | Found a sparkling altar of Nemelex Xobeh.
  2622 | D:4      | Noticed Robin
  2625 | D:4      | XOM: divination: magic mapping
  2628 | D:4      | XOM: enchant monster (good)
  2652 | D:4      | Killed Robin
  2785 | D:4      | XOM: give mutations
  2785 | D:4      | Lost mutation: You are clumsy. (Dex -2) [Xom's grace]
  2785 | D:4      | Gained mutation: You possess an exceptional clarity of mind. [Xom's grace]
  2886 | D:4      | XOM: god gift: levitating book {god gift}
  2894 | D:4      | XOM: give mutations
  2894 | D:4      | Gained mutation: You are resistant to electric shocks. [Xom's grace]
  2894 | D:4      | Gained mutation: You are partially covered in yellow scales (AC +2). [Xom's grace]
  2910 | D:4      | XOM: 2-stop teleportation journey
  3049 | D:4      | Gained mutation: You heal very quickly. [Vine Stalker growth]
  3049 | D:4      | Reached XP level 6. HP: 30/35 MP: 7/7
  3417 | D:4      | Reached skill level 5 in Fighting
  3490 | D:4      | XOM: swap monsters
  3651 | D:4      | XOM: divination: detect creatures
  3680 | D:4      | Reached XP level 7. HP: 31/40 MP: 6/8
  3812 | D:4      | Found a bloodstained altar of Trog.
  3812 | D:4      | XOM: polymorph scorpion -> centaur
  3893 | D:5      | Entered Level 5 of the Dungeon
  3964 | D:5      | Noticed Menkaure
  3969 | D:5      | XOM: potion effect (might)
  3972 | D:5      | Killed Menkaure
  4053 | D:5      | Reached skill level 6 in Fighting
  4079 | D:5      | XOM: polymorph orc wizard -> ogre
  4145 | D:5      | XOM: potion effect (berserk rage)
  4156 | D:5      | Reached skill level 5 in Dodging
  4156 | D:5      | Gained mutation: You have razor-sharp teeth. [Vine Stalker growth]
  4156 | D:5      | Reached XP level 8. HP: 46/46 MP: 9/9
  4250 | D:5      | XOM: mild Pois miscast
  4629 | D:5      | Got a bloodstained leather armour
  4640 | D:5      | Identified the +0 leather armour of Onaiq {MP+9} (You found it on level 5 of the Dungeon)
  4812 | D:5      | XOM: harmless Summ miscast
  4919 | D:5      | XOM: colour smoke trail
  5065 | D:6      | XOM: summons friendly white imp
  5111 | D:6      | Found a white marble altar of Elyvilon.
  5112 | D:6      | Found a snail-covered altar of Cheibriados.
  5166 | D:6      | XOM: potion effect (haste)
  5185 | D:6      | XOM: confuse monster(s)
  5254 | D:6      | XOM: harmless Necr miscast
  5254 | D:6      | XOM: butterfly on damage
  5255 | D:6      | HP: 1/46 [orc priest/nerve-wracking pain (9)]
  5269 | D:6      | HP: 1/46 [orc priest/divine providence (3)]
  5274 | D:6      | Reached skill level 7 in Fighting
  5275 | D:6      | XOM: noise
  5457 | D:6      | XOM: 4-stop teleportation journey
  5492 | D:6      | XOM: noise
  5514 | D:6      | XOM: summons friendly quasit
  5554 | D:6      | XOM: summons friendly iron imp
  5713 | D:6      | XOM: blink monster(s)
  5715 | D:6      | XOM: enchant monster (good)
  5730 | D:6      | HP: 1/47 [orc wizard/magic dart (4)]
  5739 | D:6      | XOM: enchant monster (good)
  5775 | D:6      | XOM: summons friendly quasit
  5791 | D:6      | Reached XP level 9. HP: 11/52 MP: 4/10
  6019 | D:6      | XOM: draining
  6085 | D:6      | XOM: enchant monster (good)
  6100 | D:6      | XOM: smoke on damage
  6105 | D:6      | XOM: 10-stop teleportation journey
  6155 | D:6      | Reached skill level 8 in Fighting
  6162 | D:6      | XOM: destruction
  6185 | D:6      | XOM: divination: detect creatures
  6187 | D:6      | XOM: confuse monster(s)
  6221 | D:5      | XOM: noise
  6505 | D:6      | XOM: give mutation
  6505 | D:6      | Gained mutation: You are robust (+10% HP). [Xom's grace]
  6570 | D:7      | Noticed Prince Ribbit
  6575 | D:7      | XOM: summons 9 friendly demons
  6579 | D:7      | Killed Prince Ribbit
  6659 | D:7      | Found a staircase to the Ecumenical Temple.
  6677 | D:7      | XOM: 1-stop teleportation journey
  6682 | D:7      | XOM: give mutation
  6682 | D:7      | Gained mutation: You have large cloven feet. [Xom's grace]
  6754 | D:7      | Noticed Joseph
  6755 | D:7      | XOM: divination: magic mapping
  6765 | D:7      | XOM: 8-stop teleportation journey
  6796 | D:7      | XOM: give mutations
  6796 | D:7      | Gained mutation: You can spit weak poison. [Xom's grace]
  6796 | D:7      | Gained mutation: You are agile. (Dex +2) [Xom's grace]
  6796 | D:7      | Gained mutation: You have a pair of small horns on your head. [Xom's grace]
  6909 | D:7      | Found a glowing silver altar of Zin.
  6910 | D:7      | Found a basalt altar of Yredelemnul.
  6914 | D:7      | Found an opulent altar of Gozag.
  6994 | D:7      | XOM: summons 6 friendly demons
  7053 | D:7      | XOM: scenery: 1 doors open, 1 doors close
  7055 | D:7      | Noticed Pikel
  7067 | D:7      | XOM: confuse monster(s)
  7091 | D:7      | XOM: summons friendly white imp
  7108 | D:7      | XOM: potion effect (invisibility)
  7120 | D:7      | XOM: noise
  7126 | D:7      | XOM: cast spell 'Excruciating Wounds'
  7127 | D:7      | XOM: blink monster(s)
  7138 | D:7      | Found a glowing golden altar of the Shining One.
  7150 | D:7      | XOM: mild Conj miscast
  7188 | D:7      | Killed Pikel
  7188 | D:7      | Reached skill level 9 in Fighting
  7303 | D:7      | XOM: silly message
  7319 | D:7      | Found a shimmering altar of Xom.
  7379 | D:7      | XOM: potion effect (invisibility)
  7386 | D:7      | XOM: mild Fire miscast
  7409 | D:7      | XOM: divination: detect creatures
  7416 | D:7      | XOM: blink monster(s)
  7417 | D:7      | XOM: cast spell 'Summon Ice Beast'
  7423 | D:7      | Killed Joseph
  7615 | D:7      | XOM: scenery: 1 doors open, 4 doors close
  7643 | D:7      | XOM: cast spell 'Necromutation'
  7735 | D:8      | XOM: confuse monster(s)
  7749 | D:8      | XOM: cast spell 'Ring of Flames'
  7751 | D:8      | XOM: divination: magic mapping
  7760 | D:8      | XOM: divination: detect creatures
  7790 | D:8      | XOM: cast spell 'Summon Butterflies'
  7791 | D:8      | XOM: potion effect (invisibility)
  7860 | D:8      | XOM: harmless Air miscast
  7872 | D:8      | XOM: confuse monster(s)
  7875 | D:8      | XOM: confuse monster(s)
  7886 | D:8      | XOM: potion effect (agility)
  7889 | D:8      | Reached XP level 10. HP: 57/65 MP: 11/11
  7909 | D:8      | XOM: divination: detect items
  7912 | D:8      | XOM: noise
  7913 | D:8      | XOM: confuse monster(s)
  7920 | D:8      | Starved to death

Action                   |  1- 3 |  4- 6 |  7- 9 | 10-12 || total
-------------------------+-------+-------+-------+-------++-------
Melee: Short sword       |   117 |   185 |   371 |    27 ||   700
 Abil: Spit Poison       |       |       |    25 |     1 ||    26
 Stab: Paralysed         |     1 |       |     8 |       ||     9
       Confused          |     1 |       |     3 |       ||     4
       Petrifying        |       |       |     5 |       ||     5
       Petrified         |       |       |     5 |       ||     5
       Invisible         |       |       |     2 |       ||     2
  Eat: Chunk             |     2 |     8 |    17 |       ||    27

Vault maps used:
D:1:      saegor_arrival_simple_d
D:2:      lemuel_crystal_altar, first_bread, minmay_misc_feat_more_columns,
          kennysheep_potato
D:3:      ecumenical_altar_2
D:4:      nemelex_altar_shiori, lightli_temple_of_fire, solitary_fountain,
          st_stairs_7, kennysheep_cross_room, uniq_robin
D:5:      grunt_ministairs_14, uniq_menkaure
D:6:      gammafunk_temple_overflow_statue
D:7:      overflow_temple_1_default, minitemple, lemuel_coloured_pillars_altar,
          minmay_temple_entry_hall, uniq_pikel, uniq_joseph, uniq_prince_ribbit1
D:8:      minmay_separated_statues
